Map: Ulrena

Players

BrockY - Winner!

  • Race: Terran Terran
  • League: Platinum

MorN

  • Race: Terran Terran
  • League: Platinum

VOD

Have the link to the VOD?

Description

Time

  • Played on: Nov. 9, 2015, 9:32 p.m.
  • Length: 4:44
Show
View Real Time Build Order
Export as new Build Order

BrockY Terran - Winner!

Build Orders: 1/1/1 

Get SALT Encoding   

  12  0:00  SCV  
  13  0:13  SCV  
  14  0:18  Supply Depot  
  14  0:25  SCV  
  15  0:30  Refinery  
  15  0:40  SCV  
  16  0:46  Barracks  
  16  0:52  SCV  
  17  1:04  SCV, Supply Depot  
  18  1:12  Refinery  
  18  1:16  SCV  
  19  1:30  SCV  
  20  1:34  Marine  
  21  1:41  Factory  
  21  1:46  SCV  
  22  1:52  Barracks Reactor  
  22  2:02  Orbital Command  
  22  2:12  Supply Depot  
  22  2:24  Factory Reactor  
  22  2:28  Starport  
  22  2:31  Marine  
  22  2:35  Marine  
  24  2:39  SCV  
  25  2:49  Marine  
  26  2:52  Supply Depot  
  26  2:53  SCV, Marine  
  28  3:02  Hellion  
  28  3:04  Hellion  
  32  3:08  Starport Tech Lab  
  32  3:10  Marine  
  33  3:13  Marine  
  34  3:24  Hellion  
  34  3:26  Hellion  
  38  3:28  Raven  
  40  3:38  Marine  
  41  3:42  Marine  
  44  3:48  Hellion  
  44  4:02  Supply Depot  
  43  4:13  Marine x2  
  43  4:14  Hellion  
  46  4:24  Supply Depot  
  50  4:26  Supply Depot  
Show
View Real Time Build Order
Export as new Build Order

MorN Terran 

Build Orders: Banshee Rush 

Get SALT Encoding   

  12  0:00  SCV  
  13  0:13  SCV  
  14  0:18  Supply Depot  
  14  0:25  SCV  
  15  0:39  SCV  
  15  0:40  Refinery  
  16  0:45  Barracks  
  16  0:51  SCV  
  17  1:06  SCV  
  18  1:18  SCV  
  19  1:38  Marine  
  20  1:41  Factory  
  20  1:48  Command Center  
  20  1:59  Orbital Command  
  20  2:06  Marine  
  21  2:13  Refinery  
  21  2:23  Marine  
  21  2:26  SCV  
  23  2:32  Starport  
  23  2:43  Factory Tech Lab  
  23  2:57  Supply Depot  
  23  2:59  SCV, Marine  
  23  3:01  Orbital Command  
  25  3:17  Banshee, Cloaking Field  
  28  3:20  SCV  
  28  3:24  Factory Reactor  
  29  3:31  SCV  
  31  3:34  SCV, Barracks Tech Lab  
  31  3:43  SCV  
  31  3:46  SCV  
  31  3:47  Supply Depot  
  33  3:55  SCV, Marine  
  35  3:58  SCV  
  35  4:00  Banshee  
  31  4:19  Hellion x2  
  31  4:20  Marine  
  36  4:24  Supply Depot  
Tags
 
Matchup
TvT
Opening
1/1/1
Race
Terran
Replay Pack
MorN pack 1
Strategy
Banshee Rush
Add a new tag
Caveats
  • Supply blocks, unpowered buildings, or Contaminate may cause inaccurate times.
  • Supply counts are checked every 10 seconds.